 Dungeon Crawl Stone Soup version 0.27-a0-1046-g98bf31544f (webtiles) character file.

Game seed: 6400041359666055186

41 Mgcat the Skirmisher (level 3, -6/40 HPs)
             Began as an Ogre Hunter on Apr 19, 2021.
             Mangled by a gnoll
             ... wielding a +3 flail
              (10 damage)
             ... on level 1 of the Dungeon.
             The game lasted 00:02:44 (2076 turns).

Mgcat the Skirmisher (Ogre Hunter)                  Turns: 2076, Time: 00:02:44

Health: -6/40      AC:  3    Str: 17    XL:     3   Next: 52%
Magic:  3/3        EV:  6    Int: 12    God:
Gold:   29         SH:  6    Dex:  9    Spells: 2/2 levels left

rFire    . . .     SeeInvis .   h - +0 whip
rCold    . . .     Faith    .   i - +0 kite shield
rNeg     . . .     Spirit   .   b - +0 robe
rPois    .         Reflect  .   (helmet restricted)
rElec    .         Harm     .   (no cloak)
rCorr    .         Rampage  .   (gloves unavailable)
Will     .....                  (boots unavailable)
Stlth    +.........             (no amulet)
HPRegen  0.13/turn              (no ring)
MPRegen  0.08/turn              (no ring)

@: no status effects
A: large, unfitting armour, tough skin 1
a: no special abilities


You were on level 1 of the Dungeon.
You visited 1 branch of the dungeon, and saw 2 of its levels.

You collected 39 gold pieces.
You spent 10 gold pieces at shops.

Inventory:

Hand Weapons
 h - a +0 whip (weapon)
   (You found it on level 1 of the Dungeon)
Missiles
 c - 2 large rocks (quivered) {!d}
 d - 2 throwing nets {=f, !d}
Armour
 b - a +0 robe (worn)
 i - a +0 kite shield (worn)
   (You found it on level 1 of the Dungeon)
Scrolls
 e - 4 scrolls of identify {unknown}
 g - a scroll of fear {unknown}
 k - 2 scrolls of fog {unknown}
 m - a scroll of enchant armour {unknown}
Potions
 a - a potion of haste {unknown}
 f - 3 potions of attraction {unknown}
 j - a potion of magic {unknown}
 l - a potion of cancellation {unknown}


   Skills:
 + Level 4.5 Fighting
 + Level 1.2 Maces & Flails
 - Level 4.0 Throwing
 - Level 1.7 Dodging
 - Level 0.6 Stealth


You had 2 spell levels left.
You didn't know any spells.
Your spell library was empty.

Dungeon Overview and Level Annotations

Branches:
Dungeon (2/15)

Altars:

Shops:
D:2 !


Innate Abilities, Weirdness & Mutations

You are too large for most types of armour.
You have tough skin. (AC +1)


Message History

The quokka is severely wounded.
You block the quokka's attack.
You whack the quokka!
You kill the quokka!
The bat hits you but does no damage. x2
You miss the bat. You block the bat's attack. The bat barely misses you.
You hit the bat.
You kill the bat!
The bat hits you but does no damage. You block the bat's attack.
You closely miss the bat. You block the bat's attack.
No target in view!
No target in view!
No target in view!
You have 20 gold pieces.
You have 20 gold pieces.
You see here a bat corpse.
A bat is nearby!
A bat is nearby!
You closely miss the bat. The bat hits you.
You take 1 damage, and have 39/40 hp.
You closely miss the bat. The bat closely misses you.
The bat barely misses you.
There is an open door, spattered with blood here.
Items here: $ ( ) ? [ ††.
You closely miss the bat. The bat hits you but does no damage.
You block the bat's attack.
You hit the bat.
You kill the bat!
No target in view!
No target in view!
k - 2 scrolls labelled OSOUGG ATOE You now have 29 gold pieces (gained 9).
There is an open door, spattered with blood here.
Items here: ( ) [ ††.
Health restored: 40 You see here a bat corpse.
You open the door.
There is an open door here.
Found an escape hatch in the floor.
There is a shaft here.
An adder comes into view.
The adder hisses angrily.
Spoiler Alert: The adder is fast and can poison!
The adder falls through a shaft!
The shaft crumbles and collapses.
Found a stone staircase leading up.
A quokka comes into view.
The quokka twitches its whiskers.
You barely miss the quokka.
The quokka bites you but does no damage. x2
You hit the quokka.
The quokka is heavily wounded.
The quokka twitches its whiskers.
The quokka bites you but does no damage.
You hit the quokka.
You kill the quokka!
No target in view!
No target in view! 2 gnolls come into view.
The gnoll shouts! x2
You see here a quokka corpse.
Warning x2: The gnoll can hit for moderate damage in melee, and throws nets! x2
You see here a quokka corpse.
There is a stone staircase leading up here.
The gnoll hits you with a +3 flail!
You climb upwards.
There is a stone staircase leading down here.
You take 11 damage, and have 29/40 hp.
MASSIVE DAMAGE!!
Spoiler Alert: The gnoll can hit for moderate damage in melee, and throws nets!
You are too injured to fight recklessly!
You hit the gnoll but do no damage. The gnoll hits you with a +3 flail!
You take 10 damage, and have 19/40 hp.
MASSIVE DAMAGE!!
You aren't carrying any items that you can evoke.
Unknown command.
Unknown command.
Spoiler Alert: The gnoll can hit for moderate damage in melee, and throws nets!
Throw: 5 large rocks {!d}
Press: ? - help, Q - select action Shift-Dir - straight line, f - gnoll
Aim: a gnoll, wielding a +3 flail (61% to hit)
You throw a large rock {!d}.
The large rock {!d} barely misses the gnoll.
The gnoll hits you with a +3 flail. The gnoll hits you with a +3 flail!
* * * LOW HITPOINT WARNING * * *
You take 11 damage, and have 9/40 hp.
MASSIVE DAMAGE!!
Spoiler Alert: The gnoll can hit for moderate damage in melee, and throws nets!
Throw: 4 large rocks {!d}
Press: ? - help, Q - select action Shift-Dir - straight line, f/p - gnoll
Aim: a gnoll, wielding a +3 flail (63% to hit)
You throw a large rock {!d}.
The large rock {!d} completely misses the gnoll.
You block the gnoll's attack. The gnoll hits you with a +3 flail.
* * * LOW HITPOINT WARNING * * *
You take 6 damage, and have 3/40 hp.
Spoiler Alert: The gnoll can hit for moderate damage in melee, and throws nets!
Throw: 3 large rocks {!d}
Press: ? - help, Q - select action Shift-Dir - straight line, f/p - gnoll
Aim: a gnoll, wielding a +3 flail (63% to hit)
You throw a large rock {!d}. The large rock {!d} hits the gnoll.
The gnoll is lightly wounded.
The gnoll hits you with a +3 flail!
You die...

####...#.......##.######'######
#......#.......##..#####.#...#.
###.##...###.#...........#.#.#.##
.....#...# #.#...##.###..#.#.#.##
####.#######.#...##..##..#.#.#.##
≈≈;#.##......>...#.).....#...#.#.
≈≈≈#.##...............#..#####.##
≈≈≈#.##..........##).##..#...#.##
####.#######.##.@###.##..#.#.#.##
.....# #.###.g.......#.#.#.##
##.8.# #.# #.........#.#.#.##
.....# #.# ##......>.#.#...#.
###### #.# #........#.#####. #.#
#........#.#...#.
#.####........#.#.#.#.
#....#......(.#.#.#.#.
####.#........#.#.#.#.


You could see a gnoll.

Vanquished Creatures
  An adder (D:2)
  A worm (D:1)
  3 endoplasms
  A giant cockroach (D:2)
  A goblin (D:1)
  6 hobgoblins
  2 kobolds (D:2)
  2 quokkas (D:2)
  2 ball pythons (D:1)
  5 bats
  A frilled lizard (D:1)
  A rat (D:2)
26 creatures vanquished.

Notes
Turn   | Place    | Note
-------+----------+-------------------------------------------
     0 | D:1      | Mgcat the Ogre Hunter began the quest for the Orb.
     0 | D:1      | Reached XP level 1. HP: 22/22 MP: 1/1
     3 | D:1      | Noticed an electric eel
     4 | D:1      | Noticed an electric eel
    40 | D:1      | Reached skill level 3 in Fighting
   478 | D:1      | Reached XP level 2. HP: 23/31 MP: 2/2
  1235 | D:1      | Reached skill level 4 in Fighting
  1517 | D:2      | Found Orchia Uned's Distillery.
  1531 | D:2      | Bought a potion of degeneration for 10 gold pieces
  1558 | D:2      | Found a faded altar of an unknown god.
  1646 | D:2      | Reached XP level 3. HP: 35/39 MP: 3/3
  1709 | D:2      | Reached skill level 1 in Maces & Flails
  1715 | D:2      | HP: 10/40 [poisoned by an adder]
  2074 | D:1      | HP: 9/40 [gnoll/+3 flail (7)]
  2075 | D:1      | HP: 3/40 [gnoll/+3 flail (6)]
  2076 | D:1      | Mangled by a gnoll

Illustrated notes

Levels and vault maps discovered:
D:1:      arrival_aquarium_b, layout_basic, roderic_serpentine_path,
          minmay_pentomino_p4
D:2:      layout_rooms, ebering_ecumenical_altar_sacrificial, serial_shops,
          nicolae_shop_crystal, dk_noncrumbling_3, chequers_avenue, st_stairs_8,
          nrook_mini_backslash

Skill      XL: |  1  2  3 |
---------------+----------+-----
Fighting       | 3 4 |  4.5
Maces & Flails | 1 |  1.2
Throwing       | |  4.0
Dodging        | |  1.7
Stealth        | |  0.6

Action                   || total
-------------------------++-------
Melee: Short sword       ||    20
       Dagger            ||    41
       Whip              ||    82
Throw: Large rock        ||     3
 Stab: Sleeping          ||     3
Armor: Robe              ||    59
Dodge: Dodged            ||    46
Block: Kite shield       ||    33

Table legend: (Time is in decaauts)
 A = Elapsed time spent in this place.
 B = Non-inter-level travel time spent in this place.
 C = Inter-level travel time spent in this place.
 D = Time resting spent in this place.
 E = Time spent auto-exploring this place.
 F = Levels seen in this place.
 G = Mean time per level.
                   A        B        C        D        E       F      G
               +--------+--------+--------+--------+--------+-----+--------+
         Total |   2111 |   2058 |     53 |    778 |    968 |   2 | 1055.5 |
       Dungeon |   2111 |   2058 |     53 |    778 |    968 |   2 | 1055.5 |
               +--------+--------+--------+--------+--------+-----+--------+

Top non-repeatable levels by time:
     D:1: 1527 daAuts
     D:2: 583 daAuts

Table legend:
 A = Kills in this place as a percentage of kills in entire the game.
 B = Kills by you in this place as a percentage of kills by you in the entire game.
 C = Kills by friends in this place as a percentage of kills by friends in the entire game.
 D = Other kills in this place as a percentage of other kills in the entire game.
 E = Experience gained in this place as a percentage of experience gained in the entire game.
 F = Experience gained in this place divided by the number of levels of this place that you have seen.
                   A       B       C       D       E      F
               +-------+-------+-------+-------+-------+----------------------
         Total | 100.0 | 100.0 |   N/A |   N/A | 100.0 |  29.5
       Dungeon | 100.0 | 100.0 |   N/A |   N/A | 100.0 |  29.5
               +-------+-------+-------+-------+-------+----------------------
